 Dungeon Crawl Stone Soup version 0.16.0-1-gbc1383b (console) character file.

5423 gw the Basher (level 10, -2/96 HPs)
             Began as a Gargoyle Fighter on Mar 14, 2015.
             Was an Elder of Trog.
             Killed by divine providence
             ... invoked by an orc priest
              (10 damage)
             ... on level 9 of the Dungeon.
             The game lasted 00:16:52 (11678 turns).

gw the Basher (Gargoyle Fighter)                   Turns: 11678, Time: 00:16:52

Health: -2/96      AC: 25    Str: 26    XL:     10   Next: 67%
Magic:  0/10       EV:  7    Int:  8    God:    Trog [****..]
Gold:   635        SH: 11    Dex: 12    Spells: 0 memorised, 9 levels left

rFire  . . .     SeeInvis .     b - +1 morningstar
rCold  . . .     Clarity  .     f - +0 chain mail
rNeg   + . .     SustAb   .     c - +0 shield
rPois  ∞         Gourm    .     E - +0 helmet
rElec  +         Spirit   +     n - +0 cloak
rCorr  .         Warding  .     h - +2 pair of gloves
rMut   .         Stasis   .     y - +0 pair of boots
MR     .....                    r - amulet of guardian spirit
Stlth  ..........               (no ring)
                                (no ring)

@: berserking (expiring), very quick, not resistant to hostile enchantments,
extremely unstealthy
A: negative energy resistance 1, electricity resistance, unbreathing, evolution
1, petrification resistance, rot immunity, AC +7
a: Burn Spellbooks, Berserk, Trog's Hand, Brothers in Arms, Renounce Religion


You were on level 9 of the Dungeon.
You worshipped Trog.
Trog was greatly pleased with you.
You were not hungry.

You visited 1 branch of the dungeon, and saw 9 of its levels.

You collected 635 gold pieces.

Inventory:

Hand weapons
 b - a +1 morningstar (weapon)
Missiles
 g - 289 stones
 j - 81 poisoned needles
 k - 4 poisoned javelins (quivered)
 D - 8 tomahawks
Armour
 c - a +0 shield (worn)
 f - a +0 chain mail (worn)
 h - a +2 pair of gloves (worn)
 n - a +0 cloak (worn)
 y - a +0 pair of boots (worn)
 E - a +0 helmet (worn)
Jewellery
 r - an amulet of guardian spirit (around neck)
Magical devices
 m - a wand of draining (2)
 C - a wand of fireball (4)
Scrolls
 q - a scroll of acquirement {unknown}
 x - 3 scrolls of identify
 z - a scroll of remove curse
 B - a scroll of teleportation
Potions
 a - a potion of invisibility
 e - a potion of agility
 p - 2 potions of cancellation
 t - 3 potions of curing
 v - 3 potions of heal wounds
 w - a potion of magic
Books
 u - a book of Conjurations {forbidden}

   Spells                             Type                      Level
   a - Magic Dart                     Conjuration                  1
   b - Searing Ray                    Conjuration                  2
   c - Dazzling Spray                 Conjuration/Hexes            3
   d - Fulminant Prism                Conjuration/Hexes            4
   e - Iskenderun's Mystic Blast      Conjuration                  4
   f - Iskenderun's Battlesphere      Conjuration/Charms           5
   Trog disapproves of the use of such an item.
Comestibles
 d - 8 bread rations
 i - 3 royal jellies
 l - 4 meat rations
 o - 3 beef jerkies
 s - 2 slices of pizza
 A - 2 fruits


   Skills:
 + Level 8.0 Fighting
 * Level 9.1 Maces & Flails
 + Level 6.5 Throwing
 + Level 7.4 Armour
 + Level 7.7 Shields


You had 9 spell levels left.
You didn't know any spells.

Dungeon Overview and Level Annotations

Branches:
Dungeon (9/15)             Temple (0/1) D:6
   Lair: D:8-11         Orc: D:9-12

Altars:
Ashenzari
Cheibriados
Dithmenos
Elyvilon
Okawaru
Sif Muna
Trog
Vehumet
Xom
The Shining One

Shops:
D:4 %

Annotations:
D:5 exclusion: downstairs


Innate Abilities, Weirdness & Mutations

You are resistant to torment.
You are immune to poison.
Your stone body is very resilient (AC +7).
You resist negative energy.
You are resistant to electric shocks.
You can survive without breathing.
You are immune to petrification.
You are immune to rotting.
You evolve.


Message History

Unknown command.
ATTACK MOVE TO (1,0)
You closely miss the orc warrior.
The orc warrior is heavily wounded.
The orc priest calls upon Beogh to heal the orc warrior.
The orc warrior is healed somewhat.
You block the orc's attack. You block its attack.
The orc warrior completely misses you.
Unknown command.
Unknown command.
Unknown command.
Unknown command.
ATTACK MOVE TO (1,-1)
You puncture the orc wizard!!
You kill the orc wizard!
Trog accepts your kill.
Trog appreciates your killing of a magic user.
Your Fighting skill increases to level 8!
The orc priest calls down the wrath of Beogh upon you.
Something smites you!
You die...

## #8## 8# ##...#...
##........ #..)o......
#.9oo...... #O#ooo#...#
#.##8## ##.###########
##(......#....#
#.............#
##########.............#
.......................#
##########.............#


You could see an orc warrior, an orc priest, 4 orcs and a friendly two-headed
ogre (berserk).

Table legend:
 A = Turns spent in this place as a percentage of turns spent in the entire game.
 B = Non-inter-level travel turns spent in this place as a percentage of non-inter-level travel turns spent in the entire game.
 C = Inter-level travel turns spent in this place as a percentage of turns spent in this place.
 D = Turns resting spent in this place as a percentage of non-inter-level travel turns spent in this place.
 E = Turns spent auto-exploring this place as a percentage of non-inter-level travel turns spent in this place.
 F = Non-inter-level travel turns spent in this place divided by the number of levels of this place that you've seen.
                   A       B       C       D       E      F
               +-------+-------+-------+-------+-------+----------------------
         Total | 100.0 | 100.0 |   0.2 |   1.0 |   2.4 | 2269.3
       Dungeon | 100.0 | 100.0 |   0.2 |   1.0 |   2.4 | 2269.3
               +-------+-------+-------+-------+-------+----------------------

Table legend:
 A = Kills in this place as a percentage of kills in entire the game.
 B = Kills by you in this place as a percentage of kills by you in the entire game.
 C = Kills by friends in this place as a percentage of kills by friends in the entire game.
 D = Other kills in this place as a percentage of other kills in the entire game.
 E = Experience gained in this place as a percentage of experience gained in the entire game.
 F = Experience gained in this place divided by the number of levels of this place that you have seen.
                   A       B       C       D       E      F
               +-------+-------+-------+-------+-------+----------------------
         Total | 100.0 | 100.0 |  -nan |  -nan | 100.0 | 860.9
       Dungeon | 100.0 | 100.0 |  -nan |  -nan | 100.0 | 860.9
               +-------+-------+-------+-------+-------+----------------------

Vanquished Creatures
  Psyche (D:9)
  Grinder (D:5)
  A spriggan (D:8)
  A wyvern (D:8)
  A hippogriff (D:8)
  A hungry ghost (D:8)
  A water moccasin (D:7)
  4 orc warriors
  3 ice beasts
  3 black bears
  An ogre (D:8)
  2 phantoms
  6 centaurs
  A crocodile (D:8)
  8 giant frogs
  A gnoll sergeant (D:3)
  3 scorpions
  4 wights
  4 crimson imps
  3 giant frog skeletons
  5 orc wizards
  3 orc priests
  2 gnoll shamans (D:3)
  4 hounds
  4 jellies
  A quasit (D:6)
  Natasha (thrice) (D:3)
  An iguana (D:4)
  7 worker ants
  A hound zombie (D:9)
  4 worker ant zombies
  9 adders
  39 gnolls
  3 shadow imps
  A giant mite (D:8)
  5 worms
  An adder zombie (D:7)
  An adder skeleton (D:7)
  5 giant geckos
  2 oozes
  32 orcs
  14 bats
  2 bat skeletons (D:4)
  A bat zombie (D:6)
  6 giant cockroaches
  11 goblins
  16 hobgoblins
  2 ball pythons
  4 giant newts
  23 jackals
  A jackal skeleton (D:7)
  15 kobolds
  7 quokkas
  A quokka skeleton (D:4)
  16 rats
302 creatures vanquished.

Vanquished Creatures (others)
  2 giant spores (D:6)
2 creatures vanquished.

Grand Total: 304 creatures vanquished

Notes
Turn   | Place    | Note
--------------------------------------------------------------
     0 | D:1      | gw, the Gargoyle Fighter, began the quest for the Orb.
     0 | D:1      | Reached XP level 1. HP: 14/14 MP: 1/1
   279 | D:1      | Reached XP level 2. HP: 16/19 MP: 2/2
   620 | D:1      | Reached skill level 1 in Throwing
  1121 | D:2      | Reached XP level 3. HP: 23/23 MP: 3/3
  1648 | D:2      | Reached XP level 4. HP: 24/29 MP: 4/4
  2144 | D:3      | Reached skill level 4 in Shields
  2144 | D:3      | Reached XP level 5. HP: 29/33 MP: 5/5
  2339 | D:3      | Noticed a gnoll sergeant
  2341 | D:3      | Found a white marble altar of Elyvilon.
  2531 | D:3      | Reached XP level 6. HP: 38/38 MP: 6/6
  2842 | D:3      | Found a bloodstained altar of Trog.
  2849 | D:3      | Became a worshipper of Trog the Wrathful
  2896 | D:3      | Noticed Natasha
  2903 | D:3      | Killed Natasha
  3251 | D:3      | Noticed Natasha
  3256 | D:3      | Killed Natasha
  3267 | D:3      | Acquired Trog's first power
  3626 | D:3      | Noticed Natasha
  3627 | D:3      | Killed Natasha
  3805 | D:3      | Reached XP level 7. HP: 32/44 MP: 4/7
  3909 | D:3      | Acquired Trog's second power
  4058 | D:3      | Killed a gnoll sergeant
  4058 | D:3      | Reached skill level 5 in Shields
  4838 | D:4      | Reached skill level 5 in Fighting
  5185 | D:4      | Found a glowing golden altar of the Shining One.
  5498 | D:4      | Found Ycoagedgh's Food Emporium.
  5527 | D:5      | Entered Level 5 of the Dungeon
  5614 | D:5      | Reached skill level 5 in Maces & Flails
  5614 | D:5      | Reached XP level 8. HP: 47/49 MP: 1/8
  5757 | D:5      | Found a shimmering altar of Xom.
  6028 | D:5      | Found a shadowy altar of Dithmenos.
  6028 | D:5      | Noticed Grinder
  6037 | D:5      | Killed Grinder
  6037 | D:5      | Reached skill level 5 in Armour
  6844 | D:5      | Found a deep blue altar of Sif Muna.
  6948 | D:5      | Reached skill level 6 in Maces & Flails
  7142 | D:6      | Reached XP level 9. HP: 55/55 MP: 3/9
  7323 | D:6      | Reached skill level 5 in Throwing
  7433 | D:6      | Found a radiant altar of Vehumet.
  7684 | D:6      | Found a staircase to the Ecumenical Temple.
  7786 | D:6      | Found a snail-covered altar of Cheibriados.
  7971 | D:6      | Reached skill level 7 in Maces & Flails
  8706 | D:6      | Gained mutation: You evolve. [potion of beneficial mutation]
  8840 | D:7      | Received a gift from Trog
  9858 | D:8      | Reached skill level 8 in Maces & Flails
  9864 | D:8      | Acquired Trog's third power
  9907 | D:8      | Reached XP level 10. HP: 63/63 MP: 10/10
 10705 | D:8      | Found a shattered altar of Ashenzari.
 10705 | D:8      | Found an iron altar of Okawaru.
 11428 | D:9      | Noticed Psyche
 11458 | D:9      | Killed Psyche
 11658 | D:9      | Reached skill level 9 in Maces & Flails
 11670 | D:9      | HP: 3/96 [orc priest/divine providence (9)]
 11678 | D:9      | Killed from afar by an orc priest

Action                   |  1- 3 |  4- 6 |  7- 9 | 10-12 || total
-------------------------+-------+-------+-------+-------++-------
Melee: Flail             |    94 |   198 |   348 |       ||   640
       Morningstar       |       |       |   106 |   145 ||   251
Throw: Stone             |   103 |   133 |   138 |     4 ||   378
       Tomahawk          |       |       |    32 |       ||    32
       Javelin           |       |       |    76 |    51 ||   127
Invok: Berserk           |       |       |     3 |     2 ||     5
       Trog's Hand       |       |       |     2 |     1 ||     3
       Brothers in Arms  |       |       |       |     1 ||     1
  Use: Scroll            |     3 |     3 |    13 |     2 ||    21
       Potion            |     1 |     5 |    10 |       ||    16
 Stab: Invisible         |       |       |     1 |       ||     1
  Eat: Chunk             |     2 |     8 |    14 |     6 ||    30
       Bread ration      |       |       |     2 |     1 ||     3

Vault maps used:
D:1:      dpeg_arrival_prison
D:2:      first_bread, minmay_bisected
D:3:      lemuel_castle_with_subvaults, lightli_temple_of_fire,
          nicolae_overflow_crystal_walls, uniq_natasha
D:4:      tso_metal_star, serial_shops, kennysheep_little_box
D:5:      lemuel_crystal_altar, overflow_temple_1_default, tgw_sif, uniq_grinder
D:6:      lemuel_round_altar, vehumet_altar_wand_db,
          minmay_temple_entry_glassed_door, minmay_misc_feat_cross,
          grunt_ministairs_6
D:8:      amethyst_overflow_temple_binary, the_bakery, sigmund_army
D:9:      nicolae_overflow_hidden_temple, david_orc_4, uniq_erolcha,
          uniq_psyche, uniq_joseph
